 Dungeon Crawl Stone Soup version 0.25-a0-460-g4f2eb97ec1 (webtiles) character file.

Game seed: 6033827926520716415, levelgen mode: deterministic

72 Nattfarinn the Sneak (level 4, -1/24 HPs)
             Began as a Vampire Enchanter on Feb 3, 2020.
             Slain by an iguana (7 damage)
             ... on level 2 of the Dungeon.
             The game lasted 00:03:13 (1704 turns).

Nattfarinn the Sneak (Vampire Enchanter)            Turns: 1704, Time: 00:03:14

Health: -1/24      AC:  6    Str:  7    XL:     4   Next: 6%
Magic:  7/7        EV: 13    Int: 17    God:
Gold:   92         SH:  6    Dex: 15    Spells: 6/7 levels left

rFire    . . .     SeeInvis +   c - +2 short sword (speed)
rCold    + + .     Gourm    .   (no shield)
rNeg     + + +     Faith    .   b - +0 robe
rPois    ∞         Spirit   .   g - +2 helmet
rElec    .         Reflect  +   (no cloak)
rCorr    .         Harm     .   (no gloves)
MR       .....                  j - +0 pair of boots
Stlth    +++++.....             d - +6 amulet of reflection
HPRegen  0.00/turn              (no ring)
MPRegen  0.10/turn              (no ring)

@: bloodless, drained
A: no food, fangs 3, see invisible, unbreathing
a: Bat Form, Revivify


You were on level 2 of the Dungeon.
You were bloodless.

You visited 1 branch of the dungeon, and saw 2 of its levels.

You collected 92 gold pieces.

Inventory:

Hand Weapons
 a - a +1 dagger
 c - a +2 short sword of speed (weapon)
Armour
 b - a +0 robe (worn)
 g - a +2 helmet (worn)
 j - a +0 pair of boots (worn)
Jewellery
 d - a +6 amulet of reflection (around neck)
Scrolls
 e - a scroll of teleportation {unknown}
 i - a scroll of identify {unknown}
 l - a scroll of enchant armour {unknown}
Potions
 f - a potion of haste {unknown}
 h - a potion of flight {unknown}
 k - a potion of lignification {unknown}


   Skills:
 + Level 2.1(1.3) Short Blades
 + Level 1.0(0.3) Armour
 * Level 3.3(2.4) Dodging
 + Level 5.0(4.1) Stealth
 - Level 2.0(1.2) Spellcasting
 + Level 4.8(4.0) Hexes


You had 6 spell levels left.
You knew the following spells:

 Your Spells              Type           Power        Failure   Level  Hunger
a - Corona                Hex            ##.....      4%          1    N/A

Your spell library contained the following spells:

 Spells                   Type           Power        Failure   Level  Hunger
 Confusing Touch          Hex            ##......     12%         3    N/A
 Tukima's Dance           Hex            ##......     12%         3    N/A
 Ensorcelled Hibernation  Hex/Ice        #.....       14%         2    N/A
 Dazzling Flash           Conj/Hex       #.....       28%         3    N/A

Dungeon Overview and Level Annotations

Branches:
Dungeon (2/15)

Altars:


Innate Abilities, Weirdness & Mutations

You do not eat.
You do not regenerate when monsters are visible.
You are frail without blood (-20% HP).
You can heal yourself when you bite living creatures.
You are immune to poison.
You have razor-sharp teeth.
You have supernaturally acute eyesight. (SInv)
You can survive without breathing.


Message History

You closely miss the rat. The rat bites you but does no damage.
You hit the rat.
You kill the rat!
You aren't carrying any items that you can evoke.
You hit the iguana but do no damage.
The iguana is lightly wounded.
You block the iguana's attack.
You hit the iguana but do no damage. You bite the iguana, but do no damage.
The iguana is lightly wounded.
The iguana bites you.
* * * LOW HITPOINT WARNING * * *
You hit the iguana. Your bite misses the iguana.
The iguana is moderately wounded.
You closely miss the iguana.
The iguana is moderately wounded.
You block the iguana's attack.
You hit the iguana.
The iguana is heavily wounded.
The iguana bites you!
You die...

#####..###...#.....#
##%..##.#...........#
####.....#.#........###### (
###.)#()...#.#..÷.l........#
.
#.'[((()%..#....(..........#
.
#.#).#.†...#..÷#'####......#
. #.####.....#...#)#
#......#####. ..#
##...##...#l# #............
.### #####...<#@#
#.......?.... ...# #....#.#
#...........)
...########....#.#
######..(....
.........##....#.# #...(...
.........###'#.#.# ########
#...)....'...#†.(#
#........######..###
#.....)..# #.>..# #........#
##.#.#


You could see an iguana.

Vanquished Creatures
  An adder (D:2)
  An ooze (D:1)
  A worm (D:2)
  A dart slug (D:2)
  2 leopard geckos
  5 hobgoblins
  7 jackals
  A ball python (D:1)
  5 bats
  2 frilled lizards (D:1)
  5 goblins
  13 kobolds
  A leopard gecko zombie (D:2)
  7 rats
  2 bushes (D:1)
54 creatures vanquished.

Notes
Turn   | Place    | Note
-------+----------+-------------------------------------------
     0 | D:1      | Nattfarinn the Vampire Enchanter began the quest for the
                  | Orb.
     0 | D:1      | Reached XP level 1. HP: 13/13 MP: 3/3
   238 | D:1      | Reached XP level 2. HP: 3/15 MP: 5/5
   994 | D:1      | Reached XP level 3. HP: 19/19 MP: 6/6
  1427 | D:2      | Reached skill level 1 in Armour
  1442 | D:2      | Reached skill level 5 in Stealth
  1498 | D:2      | Reached XP level 4. HP: 15/24 MP: 7/7
  1704 | D:2      | Slain by an iguana

Levels and vault maps discovered:
D:1:      doesnt_arrival_eight_statues, layout_basic, lexackson_kobold_supper
D:2:      layout_basic, hex_intersection, minivault_25,
          minmay_goblin_kobold_house

Skill      XL: |  1  2  3 |
---------------+----------+-----
Dodging        | 3 |  3.3
Short Blades   | 2 |  2.1
Armour         | 1 |  1.0
Stealth        | 5 |  5.0
Spellcasting   | |  2.0
Hexes          | |  4.8

Action                   |  1- 3 |  4- 6 || total
-------------------------+-------+-------++-------
Melee: Dagger            |    72 |       ||    72
       Bite              |    46 |     6 ||    52
       Short sword       |   255 |    31 ||   286
 Abil: Exsanguinate      |     1 |       ||     1
  Use: Potion            |     1 |       ||     1
 Stab: Sleeping          |     7 |       ||     7
Armor: Robe              |    33 |     5 ||    38
Dodge: Dodged            |    81 |    13 ||    94
Block: Other             |       |     8 ||     8
       Reflection        |       |     1 ||     1

Table legend:
 A = Non-vault XP
 B = Vault XP
 C = Vault XP percentage of total XP
 D = Non-vault monster count
 E = Vault monster count
 F = Vault count percentage of total count
                 A         B        C        D         E       F
            +---------+---------+-------+---------+---------+-------
      Total |      85 |      18 |  17.5 |      40 |      12 |  23.1
            +---------+---------+-------+---------+---------+-------
        D:1 |      35 |      12 |  25.5 |      20 |       8 |  28.6
        D:2 |      50 |       6 |  10.7 |      20 |       4 |  16.7
            +---------+---------+-------+---------+---------+-------
